 Dungeon Crawl Stone Soup version 0.29-a0-330-g52719c12eb (webtiles) character file.

Game seed: 1967235578960336624

2339 Anon1729 the Spear-Bearer (level 9, -6/71 HPs)
             Began as a Merfolk Monk on May 18, 2022.
             Was a High Priest of Zin.
             Mangled by a gnoll
             ... wielding a +0 spear
              (8 damage)
             ... on level 7 of the Dungeon.
             The game lasted 00:13:00 (11063 turns).

Anon1729 the Spear-Bearer (Merfolk Monk)           Turns: 11063, Time: 00:13:00

Health: -6/71      AC:  4    Str: 15    XL:     9   Next: 43%
Magic:  13/13      EV: 16    Int: 10    God:    Zin [*****.]
Gold:   342        SH:  0    Dex: 16    Spells: 8/8 levels left

rFire   . . .      SeeInvis +   B - +0 trident (vorpal)
rCold   . . .      Faith    +   (no shield)
rNeg    . . .      Spirit   .   b - +0 robe
rPois   .          Reflect  .   c - +2 hat
rElec   .          Harm     .   (no cloak)
rCorr   .          Rampage  .   (no gloves)
Will    .....                   (no boots)
Stlth   +++.......              m - amulet of faith
HPRegen 0.21/turn               u - ring of see invisible
MPRegen 0.13/turn               (no ring)

@: no status effects
A: (nimble swimmer 2), mertail
a: Renounce Religion, Recite, Vitalisation, Imprison, Sanctuary, Donate Gold


You were on level 7 of the Dungeon.
You worshipped Zin.
Zin was extremely pleased with you.
You visited 1 branch of the dungeon, and saw 7 of its levels.
You also visited: Ossuary.

You collected 380 gold pieces.
You donated 38 gold pieces to Zin.

Inventory:

Hand Weapons
 a - a +0 spear
 B - a +0 vorpal trident (weapon)
Armour
 b - a +0 robe (worn)
 c - a +2 hat (worn)
Jewellery
 m - an amulet of faith (around neck)
 u - a ring of see invisible (left hand)
Wands
 D - a wand of flame (15)
Scrolls
 d - 2 scrolls of vulnerability
 e - a scroll of immolation
 g - a scroll of holy word
 h - 3 scrolls of noise
 i - a scroll of fog
 j - 2 scrolls of teleportation
 l - 2 scrolls of brand weapon
 n - a scroll of magic mapping
 p - a scroll of enchant armour
 v - a scroll of silence {unknown}
 y - a scroll of amnesia {unknown}
 z - 2 scrolls of torment
 A - a scroll of identify
 C - a scroll of enchant weapon {unknown}
Potions
 f - 3 potions of might
 k - 5 potions of brilliance
 o - 4 potions of mutation
 q - 5 potions of curing {unknown}
 r - a potion of attraction {unknown}
 s - a potion of cancellation {unknown}
 t - a potion of flight {unknown}
 w - a potion of degeneration {unknown}
 x - 3 potions of haste {unknown}


   Skills:
 + Level 6.8 Fighting
 * Level 8.5 Polearms
 - Level 1.0 Armour
 + Level 8.1 Dodging
 + Level 6.8 Stealth
 + Level 5.5 Invocations


You had 8 spell levels left.
You didn't know any spells.
Your spell library contained the following spells:

 Spells                   Type           Power      Damage    Failure   Level
 Poisonous Vapours        Pois/Air       0%         N/A       50%         2
 Dazzling Flash           Conj/Hex       0%         N/A       75%         3
 Iskenderun's Mystic Bla  Conj/Tloc      0%         2d3       98%         4
 Starburst                Conj/Fire      0%         6d3       100%        6


Dungeon Overview and Level Annotations

Branches:
Dungeon (7/15)             Temple (0/1) D:6         Ossuary (visited)

Altars:
Cheibriados
Elyvilon
Gozag
Qazlal
Sif Muna
Trog
Wu Jian
Yredelemnul
Zin

Shops:
D:2 *   D:7 =


Innate Abilities, Weirdness & Mutations

((You are very nimble when in or above water. (Stealth+, EV+, Speed+++)))
Your lower body shifts to a powerful aquatic tail in water.


Message History

You are too injured to fight recklessly!
You puncture the howler monkey!
The howler monkey is almost dead.
The howler monkey hits you.
You closely miss the howler monkey.
The howler monkey is almost dead.
The howler monkey closely misses you.
You hit the howler monkey.
You kill the howler monkey!
You hit the gnoll.
The gnoll is moderately wounded.
The gnoll hits you with a +0 flail!
* * * LOW HITPOINT WARNING * * *
You barely miss the gnoll.
The gnoll is moderately wounded.
The gnoll completely misses you. The gnoll barely misses you.
You closely miss the gnoll.
The gnoll is moderately wounded.
The gnoll hits you from afar with a +0 spear.
* * * LOW HITPOINT WARNING * * *
The gnoll hits you with a +0 flail!
* * * LOW HITPOINT WARNING * * *
Okay, then.
Okay, then.
Unknown command.
Unknown command.
As you read the scroll labelled DERUOL OTEPI, it crumbles to dust.
Your body is wracked with pain!
* * * LOW HITPOINT WARNING * * *
The gnoll convulses! x2
Zin forgives your inadvertent evil act, just this once.
It was a scroll of torment.
The gnoll completely misses you. The gnoll hits you with a +0 flail.
* * * LOW HITPOINT WARNING * * *
Okay, then.
It was a potion of mutation.
You feel extremely strange.
Zin protects your body from mutation! x4
Zin forgives your inadvertent chaotic act, just this once.
The gnoll hits you from afar with a +0 spear!
You die...

#.# #.....##### ########.#
#.....##### #.....##.#
#.......... #####.###.##.#
#......##.. #.......#.##.#
######.# #.##.#.##.##.#####
#.# #.........##.#...# #.#
##########.#.#####.#...#####.#
.....#####...)gg@..'...'.....#
..........(..#####.#...#######
.............#.....#####
.......####..#.##..# #..
.......# #........#
#.######### ##.##..#
#.##.###.###.#.......##
##.##..#
#.##...........#####...
#...#..#
#.##.#...............##
.#..#...
#.##...#.###.#######...


You could see 2 gnolls.

Vanquished Creatures
  Grinder (D:4)
  Sigmund (D:4)
  3 water moccasins
  An ice beast (D:5)
  An orc warrior (D:4)
  3 phantoms
  2 scorpions (D:5)
  A necrophage (D:6)
  6 howler monkeys
  2 centaur zombies (Ossuary)
  7 hounds
  An orc priest (D:4)
  A human zombie (Ossuary)
  3 iguanas
  Terence (D:2)
  An orc wizard (D:4)
  3 ogre zombies (Ossuary)
  7 mummies (Ossuary)
  7 adders
  3 gnolls
  An ufetubus (D:4)
  2 adder zombies (Ossuary)
  2 worms
  6 dart slugs
  22 orcs
  7 ball pythons
  3 bats
  8 endoplasms
  4 giant cockroaches
  4 goblins
  2 hobgoblins (D:1)
  A quokka (D:1)
  6 frilled lizards
  6 goblin zombies (Ossuary)
  5 hobgoblin zombies (Ossuary)
  3 kobolds
  4 kobold zombies (Ossuary)
  7 quokka zombies (Ossuary)
  5 rats
153 creatures vanquished.

Vanquished Creatures (others)
  A plant (D:1)
1 creature vanquished.

Grand Total: 154 creatures vanquished

Notes
Turn   | Place    | Note
-------+----------+-------------------------------------------
     0 | D:1      | Anon1729 the Merfolk Monk began the quest for the Orb.
     0 | D:1      | Reached XP level 1. HP: 18/18 MP: 1/1
   308 | D:1      | Reached XP level 2. HP: 17/24 MP: 2/2
  1091 | D:2      | Reached XP level 3. HP: 30/30 MP: 3/3
  1273 | D:2      | Found Uruqulu's General Store.
  1398 | D:2      | Found a faded altar of an unknown god.
  1420 | D:2      | Prayed at the altar of an unknown god.
  1420 | D:2      | Became a worshipper of Zin the Law-Giver
  1420 | D:2      | Reached * piety under Zin
  1420 | D:2      | Reached ** piety under Zin
  1420 | D:2      | Reached *** piety under Zin
  1617 | D:2      | Found a glowing silver altar of Zin.
  2342 | D:3      | Noticed Terence
  2437 | D:2      | Killed Terence
  2438 | D:2      | Reached XP level 4. HP: 15/37 MP: 4/4
  2940 | D:3      | Reached skill level 1 in Invocations
  2966 | D:3      | Reached XP level 5. HP: 7/42 MP: 5/5
  3342 | D:3      | Reached skill level 5 in Polearms
  3488 | D:4      | Noticed Sigmund
  3504 | D:4      | Killed Sigmund
  3505 | D:4      | Reached skill level 1 in Armour
  3505 | D:4      | Reached skill level 5 in Dodging
  3505 | D:4      | Reached XP level 6. HP: 18/49 MP: 5/7
  3748 | D:4      | Reached **** piety under Zin
  3756 | D:4      | Found a bloodstained altar of Trog.
  3756 | D:4      | Noticed an orc warrior
  3762 | D:4      | Found Vineunt's Weapon Emporium.
  3862 | D:4      | Noticed Grinder
  3876 | D:4      | Found a snail-covered altar of Cheibriados.
  3876 | D:4      | Found an opulent altar of Gozag.
  3901 | D:5      | Entered Level 5 of the Dungeon
  3955 | D:5      | Found a sand-covered staircase.
  3961 | Ossuary  | Entered an ossuary
  4392 | Ossuary  | Reached ***** piety under Zin
  4749 | Ossuary  | Reached XP level 7. HP: 11/55 MP: 8/8
  5342 | Ossuary  | Reached skill level 5 in Fighting
  5759 | D:5      | Found a stormy altar of Qazlal.
  5785 | D:5      | Found a basalt altar of Yredelemnul.
  6296 | D:5      | Reached skill level 5 in Stealth
  6604 | D:5      | Reached XP level 8. HP: 57/63 MP: 10/10
  7258 | D:5      | Found a white marble altar of Elyvilon.
  7606 | D:4      | Found an ornate altar of the Wu Jian Council.
  8289 | D:4      | Killed Grinder
  8412 | D:4      | Found a shimmering blue altar of Sif Muna.
  8431 | D:4      | Got Sif Muna's Tome of Toxins
  9219 | D:6      | Reached XP level 9. HP: 45/71 MP: 12/12
  9447 | D:6      | Reached skill level 5 in Invocations
  9452 | D:6      | Found a staircase to the Ecumenical Temple.
  9687 | D:6      | Reached ****** piety under Zin
 11012 | D:7      | Found Gumoerhano's Jewellery Shop.
 11062 | D:7      | HP: 3/71 [/a scroll of torment (1)]
 11063 | D:7      | Mangled by a gnoll

Illustrated notes

Levels and vault maps discovered:
D:1:      giann_bridges, layout_basic
D:2:      layout_loops_corners, hellmonk_ecumenical_altar_pennies_from_heaven,
          basic_altar, serial_shops, shop
D:3:      layout_loops_ring, uniq_terence
D:4:      layout_gridville, nzn_overflow_gifts_of_might_and_magic,
          nzn_wu_jian_council_hall, amethyst_overflow_temple_binary,
          serial_shops, nicolae_shop_bloodbath_and_beyond, solitary_fountain,
          uniq_sigmund, uniq_grinder
D:5:      minmay_skewed_foursquare, layout_loops_cross, kennysheep_ying_yang,
          kennysheep_little_box, nicolae_ossuary_entry_plus
D:6:      layout_loops_ring, minmay_temple_entry_waves
D:7:      layout_basic, serial_shops, nicolae_diamond_shop

Skill      XL: |  1  2  3  4  5  6  7  8  9 |
---------------+----------------------------+-----
Stealth        | 3 4 5 6 |  6.8
Fighting       | 4 5 6 |  6.8
Invocations    | 1 2 3 4 5 |  5.5
Polearms       | 5 6 7 8 |  8.5
Armour         | 1 |  1.0
Dodging        | 5 6 7 8 |  8.1

Action                   |  1- 3 |  4- 6 |  7- 9 || total
-------------------------+-------+-------+-------++-------
Melee: Spear             |   181 |   259 |   505 ||   945
       Punch             |     2 |     4 |    11 ||    17
       Tailslap          |     2 |       |       ||     2
       Trident           |       |       |    71 ||    71
Invok: Vitalisation      |     1 |       |     1 ||     2
       Recite            |       |       |     2 ||     2
Evoke: Wand              |       |     2 |    12 ||    14
  Use: Potion            |     4 |     2 |     3 ||     9
       Scroll            |       |       |    10 ||    10
 Stab: Sleeping          |    11 |    18 |    17 ||    46
       Confused          |       |       |     8 ||     8
Armor: Robe              |     9 |    22 |    59 ||    90
Dodge: Dodged            |    95 |   103 |   236 ||   434

Table legend: (Time is in decaauts)
 A = Elapsed time spent in this place.
 B = Non-inter-level travel time spent in this place.
 C = Inter-level travel time spent in this place.
 D = Time resting spent in this place.
 E = Time spent auto-exploring this place.
 F = Levels seen in this place.
 G = Mean time per level.
                   A        B        C        D        E       F      G
               +--------+--------+--------+--------+--------+-----+--------+
         Total |  10869 |  10500 |    369 |   1299 |   7624 |   8 | 1358.6 |
       Dungeon |   9390 |   9021 |    369 |    828 |   6961 |   7 | 1341.4 |
       Ossuary |   1479 |   1479 |      0 |    471 |    663 |   1 | 1479.0 |
               +--------+--------+--------+--------+--------+-----+--------+

Top non-repeatable levels by time:
     D:5: 2112 daAuts
     D:4: 1982 daAuts
     D:2: 1484 daAuts
 Ossuary: 1479 daAuts
     D:6: 1393 daAuts
     D:1: 1063 daAuts
     D:3: 861 daAuts
     D:7: 491 daAuts
